[Event "*** Titled Tuesday Blitz"]
[Site "Chess.com"]
[Date "2021.04.20"]
[Round "10"]
[White "grzechu96"]
[Black "Diaschess88"]
[Result "1-0"]
[WhiteElo "2688"]
[BlackElo "2528"]
[TimeControl "180+1"]
[EndTime "11:56:53 PDT"]
[Termination "grzechu96 won on time"]

1. e4 c6 2. Nf3 d5 3. Nc3 Bg4 4. h3 Bxf3 5. Qxf3 e6 6. d3 Nd7 7. Be2 Ngf6 8. Qg3 g6 9. O-O h5 10. Bg5 Be7 11. f4 Qb6+ 12. Kh1 Qxb2 13. Qe1 Bb4 14.
Rb1 Bxc3 15. Rxb2 Bxe1 16. Rxe1 b6 17. Bf3 O-O 18. g4 hxg4 19. hxg4 Nh7 20. Bh4 g5 21. fxg5 Ne5 22. Bg2 Ng6 23. Bg3 Nxg5 24. exd5 cxd5 25. c4 Rad8 26. cxd5 exd5 27. Rb5 Kg7 28. Rxd5 Rh8+ 29.
Kg1 Nh3+ 30. Kf1 Nhf4 31. Rxd8 Rxd8 32. Be4 Ne6 33. Rc1 Nc5 34. Bf5 Kf6 35. Bf2 Rd6 36. Bxc5 bxc5 37. Rxc5 Ne5 38. Ra5 a6 39. Ke2 Nc6 40. Ra4 Nd4+ 41. Kd2 Nxf5 42. Rf4 Rd5 43. gxf5 Rxf5 44. Ra4 a5 45. Ke3 Rd5 46. d4 Kf5 47.
Rc4 Rb5 48. Rc2 Ke6 49. Rh2 Kd5 50. Kd3 Rb1 51. Rh5+ Kd6 52. Rxa5 Rd1+ 53. Kc3 Rc1+ 54. Kd2 Rc4 55. Kd3 Rc1 56. Ra6+ Kd5 57. Ra5+ Kd6 58. Rf5 Rd1+ 59. Kc2 Ra1 60. Kb3 Rd1 61. Rf4 Rd3+ 62.
Kb4 Kd5 63. a4 Rd1 64. a5 Rb1+ 65. Ka4 Kc4 66. d5+ Kxd5 67. a6 1-0

[Event "*** Titled Tuesday Blitz"]
[Site "Chess.com"]
[Date "2021.04.20"]
[Round "10"]
[White "InitiatingASC"]
[Black "sorrm8thatscheckm8"]
[Result "1/2-1/2"]
[WhiteElo "2433"]
[BlackElo "2575"]
[TimeControl "180+1"]
[EndTime "11:56:53 PDT"]
[Termination "Game drawn by repetition"]

1. d4 Nf6 2. c4 g6 3. Nc3 Bg7 4. e4 d6 5. Nf3 O-O 6. Be2 e5 7. h3 exd4 8. Nxd4 Re8 9. Bf3 Nxe4 10. O-O Nxc3 11. bxc3 Nd7 12. Rb1 Ne5 13. Bxb7 Bxb7 14. Rxb7 Nxc4 15. Nc6 Qd7 16. Nxa7 Nb6 17. Qb3 Re7 18. Be3 Nc8 19. Rb8 Rxb8 20. Qxb8 Re8 21. Qb5 Qxb5 22. Nxb5 c6 23. Nd4 Ne7 24. a4 Ra8 25.
Ra1 Nd5 26. Nxc6 Nxc3 27. Kf1 Rxa4 28. Rc1 Kf8 29. Bd2 Ne4 30. Bb4 Ke8 31. f3 Ng3+ 32. Kf2 Nf5 33. g4 Nd4 34. Bxd6 Nxc6 35. Rxc6 Bd4+ 36.
Kg3 Kd7 37. Rc7+ Kxd6 38. Rxf7 Ra7 39. Rf8 Ke7 40. Rc8 Kf7 41. h4 Be5+ 42. Kf2 h6 43. Ke2 Bf4 44. Rc6 Kg7 45. h5 g5 46. Rg6+ Kh7 47. Re6 Rd7 48. Ra6 Rd6 49. Ra7+ Kg8 50. Ra8+ Kf7 51. Ra7+ Kf6 52. Rh7 Ke5 53. Re7+ Kf6 54.
Rh7 Rd2+ 55. Ke1 Rd3 56. Rxh6+ Kf7 57. Ke2 Rd2+ 58. Ke1 Rh2 59. Ra6 Bg3+ 60. Kd1 Rf2 61. Ra3 Bf4 62. Rb3 Rh2 63. Ke1 Kf6 64. Kd1 Rh3 65. Ke2 Rh2+ 66. Kd3 Ke5 67. Rb5+ Kd6 68. Ke4 Re2+ 69. Kf5 Re3 70. h6 Re7 71. Kg6 Re6+ 72. Kg7 Re7+ 73. Kg6 Re6+ 74. Kg7 Re7+ 75. Kg6 1/2-1/2

[Event "*** Titled Tuesday Blitz"]
[Site "Chess.com"]
[Date "2021.04.20"]
[Round "10"]
[White "buhomurciano"]
[Black "MateusViageiro"]
[Result "0-1"]
[WhiteElo "2183"]
[BlackElo "2288"]
[TimeControl "180+1"]
[EndTime "11:56:53 PDT"]
[Termination "MateusViageiro won on time"]

1. e4 c5 2. c3 Nf6 3. e5 Nd5 4. d4 cxd4 5. cxd4 e6 6. Nf3 Nc6 7. a3 d6 8. Bd3 Be7 9. O-O O-O 10. Qc2 h6 11. Qe2 dxe5 12. dxe5 Bd7 13. Bd2 Qb6 14. Nc3 Nxc3 15. Bxc3 Rfd8 16. Qe4 g6 17. h4 h5 18. Rad1 Be8 19. Bb1 Rxd1 20. Rxd1 Rd8 21. Re1 Qb3 22. Bc2 Qd5 23. Qf4 Qc5 24. Ng5 Nd4 25. Bb1 Qc4 26.
Qe4 Bxg5 27. hxg5 Bc6 28. Qe3 Qd5 29. Be4 Qxe4 30. Qxe4 Bxe4 31. Rxe4 Nc6 32. Re1 Rd5 33.
f4 b5 34. Kf2 Kf8 35. Ke2 Ke7 36. Rd1 Rxd1 37. Kxd1 Kd7 38. Ke2 Kc7 39. Kd3 Kb6 40.
b4 a6 41. Bd4+ Kc7 42. g3 Ne7 43. Ke4 Nf5 44. Bf2 Kc6 45. Be1 Ne7 46. Bf2 Nd5 47. Bd4 Ne7 48. Bf2 Nf5 49. Be1 Ng7 50. Bf2 Ne8 51.
Be1 Nc7 52. Bf2 Nd5 53. Bd4 Kd7 54. Bb2 Kc8 55. Bd4 Kb7 56. Bb2 Nb6 57. Bc1 Nc4 58.
Kd4 Kc6 59. Ke4 Nb6 60. Kd4 Na4 61. Kd3 Kd5 62. Be3 Nb2+ 63. Kc3 Nc4 64. Bc1 Ke4 65. a4 Kf3 66. axb5 axb5 67. Kd4 Kxg3 68. Kc5 h4 69.
Kxb5 h3 70. Kxc4 h2 71. b5 h1=Q 72. Be3 Qe4+ 73. Bd4 Kxf4 0-1

[Event "*** Titled Tuesday Blitz"]
[Site "Chess.com"]
[Date "2021.04.20"]
[Round "10"]
[White "Ze-Pequeno"]
[Black "JoseRemolar"]
[Result "1-0"]
[WhiteElo "2268"]
[BlackElo "2414"]
[TimeControl "180+1"]
[EndTime "11:56:54 PDT"]
[Termination "Ze-Pequeno won on time"]

1. e4 c5 2. Nf3 d6 3. d4 cxd4 4. Nxd4 Nf6 5. Nc3 a6 6. f4 e6 7. Qf3 Be7 8. g4 Qc7 9. g5 Nfd7 10.
Be3 b5 11. Bd3 Bb7 12. O-O-O Nc6 13. Kb1 Nc5 14. h4 O-O-O 15. h5 Kb8 16. Rhe1 Rc8 17. Rc1 h6 18. g6 Bf6 19. Qf2 b4 20. Nce2 Nxd4 21.
Nxd4 Nxe4 22. Bxe4 Bxe4 23. gxf7 Qxf7 24. Qd2 Rc4 25. b3 Rc3 26. Ne2 Qc7 27. Bd4 Bxd4 28.
Qxd4 Bxc2+ 29. Kb2 Rc5 30. Qxb4+ Ka8 31. Nd4 Bf5 32.
Nxe6 Bxe6 33. Qe4+ Bd5 34. Qxd5+ Rxd5 35. Rxc7 Rf8 36.
Rxg7 Rd2+ 37. Ka3 d5 38. Ree7 d4 39. Ra7+ Kb8 40. Rgb7+ Kc8 41. Rh7 Kb8 42. Rab7+ Ka8 43. Rbd7 d3 44. Rxh6 a5 45. Ra6+ Kb8 46. Rxa5 Rxf4 47.
Rad5 Rff2 48. Rd8+ Kc7 49. R8d7+ Kc6 50. R7d6+ Kc7 51. Kb4 Rxa2 52. Rd7+ Kc6 53. R7d6+ Kc7 54. Rxd3 Rh2 55. Rd7+ Kc6 56. R7d6+ Kc7 57. Rh6 Rh4+ 58.
Kb5 Rah2 59. Rd5 R2h3 60. Rh7+ Kc8 61. b4 Rb3 62. Rc5+ Kd8 63. Rc4 Rh1 64. Rd4+ Ke8 65. h6 Rh5+ 66. Kc6 Rc3+ 67. Kd6 Kf8 68. Rd5 Rh4 69.
b5 1-0

[Event "*** Titled Tuesday Blitz"]
[Site "Chess.com"]
[Date "2021.04.20"]
[Round "10"]
[White "maximych26"]
[Black "WisdomGame"]
[Result "1/2-1/2"]
[WhiteElo "2265"]
[BlackElo "2101"]
[TimeControl "180+1"]
[EndTime "11:56:56 PDT"]
[Termination "Game drawn by repetition"]

1. e4 c5 2. Nf3 Nc6 3. Bb5 e5 4. Bxc6 dxc6 5. Nxe5 Qd4 6. Nf3 Qxe4+ 7. Qe2 Qxe2+ 8. Kxe2 Bg4 9. h3 Bh5 10. Nc3 O-O-O 11.
d3 Re8+ 12. Be3 Nf6 13. g4 Bg6 14. Kd2 Nd5 15. Rae1 Nxe3 16. fxe3 h5 17. e4 hxg4 18. hxg4 Be7 19. Ne2 Bd6 20. Rxh8 Rxh8 21. e5 Bc7 22. Nf4 Rf8 23. Rh1 Re8 24. Re1 Bh7 25. Rh1 Bg8 26.
Rh8 f6 27. Nh5 fxe5 28. Nxg7 Rd8 29. Kc1 e4 30. Ne1 Be5 31. Rxg8 Rxg8 32. Ne6 Rxg4 33. Nxc5 Rg1 34. Kd2 Bxb2 35. Nxe4 Be5 36. a4 Rh1 37. Nf3 Bc7 38. Kc3 b6 39. Kb3 Kb7 40. Nd4 a6 41. Nf5 Rb1+ 42. Ka2 Rf1 43. Ne3 Rh1 44. Kb3 Be5 45. Nc4 Bh8 46. c3 Rh3 47. Kc2 Rh5 48. Ncd6+ Kb8 49. Nc4 Ka7 50. Kb3 Be5 51.
Kc2 Bc7 52. Kb3 Rh3 53. Kc2 b5 54. axb5 cxb5 55. Nb2 a5 56. Kb3 Rh2 57. d4 a4+ 58. Ka3 Rh4 59. Nc5 Bd6 60. Nd3 Bxc5+ 61. Nxc5 Kb6 62.
Kb4 Rh7 63. Ne4 Rh1 64. Nc5 Rb1+ 65. Ka3 Ra1+ 66. Kb2 Rh1 67. Ka3 Ra1+ 68. Kb2 Rg1 69. Ka2 Ka5 70. Nb7+ Ka6 71. Nc5+ Kb6 72. Ka3 Rg3 73.
Kb4 Rh3 74. Ne4 Rh1 75. Nc5 Rh7 76. Ne4 Rh1 1/2-1/2

[Event "*** Titled Tuesday Blitz"]
[Site "Chess.com"]
[Date "2021.04.20"]
[Round "10"]
[White "AlexPapasimakopoulos"]
[Black "4empechement"]
[Result "0-1"]
[WhiteElo "2584"]
[BlackElo "2485"]
[TimeControl "180+1"]
[EndTime "11:56:57 PDT"]
[Termination "4empechement won by checkmate"]

1. d4 Nf6 2. c4 e6 3. Nc3 Bb4 4. Qc2 d5 5. cxd5 exd5 6. Bg5 O-O 7. e3 b6 8. Bd3 h6 9. Bh4 Bb7 10. Nf3 Nbd7 11. O-O Re8 12. a3 Be7 13. b4 a6 14.
Bf5 Ne4 15. Bxe7 Rxe7 16. Bxd7 Qxd7 17. Nxe4 dxe4 18. Ne5 Qe6 19. a4 f6 20. Ng6 Rd7 21. Rfc1 Re8 22. h4 Qg4 23. Nf4 Qxh4 24. d5 Qg4 25. b5 a5 26. Rd1 Re5 27. Rac1 h5 28.
Rd4 Qf5 29. Qb3 Kh7 30. Qc2 h4 31. Ne6 Bxd5 32. Nf8+ Kg8 33. Nxd7 Qxd7 34. Qxc7 Qf5 35. Qd8+ Kh7 36. Rc8 Bf7 37. Qh8+ Kg6 38. Qxh4 Qxc8 39.
Qg3+ Rg5 40. Qd6 Qg4 41. Qg3 Qxg3 42. fxg3 Rxg3 43. Kf2 Rg5 44. Rd6 Bb3 45. Rd4 Rc5 46.
Rxe4 Rc4 47. Re7 Bxa4 48. Rb7 Bxb5 49. Rxb6 Bc6 50. Ra6 a4 51. g4 Rc2+ 52. Kg3 Rc3 53. Kf4 a3 54. g5 fxg5+ 55. Kg4 Rc4+ 56. Kg3 Kf5 57. Rxa3 g6 58. Ra5+ Kf6 59. Ra6 Rc5 60. Ra3 Kf5 61. Rb3 Be4 62. Ra3 Rc1 63. Ra5+ Ke6 64.
Ra6+ Bc6 65. Ra5 Kf6 66. Ra6 Rc3 67. Kf2 Kf5 68. Ra5+ Kg4 69. Ra2 Kh4 70. Rb2 g4 71. Rb8 g3+ 72. Kf1 g2+ 73. Kf2 Rc2+ 74. Ke1 g1=Q# 0-1

[Event "*** Titled Tuesday Blitz"]
[Site "Chess.com"]
[Date "2021.04.20"]
[Round "10"]
[White "seorobert1971"]
[Black "Artyom_ChessMate"]
[Result "1-0"]
[WhiteElo "2729"]
[BlackElo "2556"]
[TimeControl "180+1"]
[EndTime "11:57:07 PDT"]
[Termination "seorobert1971 won by resignation"]

1. Nf3 d5 2. d4 Nf6 3. c4 e6 4. Nc3 Be7 5. Bf4 O-O 6. e3 Nbd7 7. Bd3 dxc4 8. Bxc4 a6 9. a4 c5 10. O-O cxd4 11. Qxd4 Nb6 12. Bb3 Qxd4 13. Nxd4 Nbd7 14. Rfc1 Re8 15. Bg5 Nc5 16. Bc2 h6 17. Bh4 e5 18.
Nf3 e4 19. Nd4 g5 20. Bg3 Be6 21. Nxe6 fxe6 22. Rd1 Red8 23. Be5 Kf7 24. Rab1 Nd3 25. Bxf6 Bxf6 26. Nxe4 Nb4 27. Bb3 Be7 28. g4 Nc6 29. Kg2 Ne5 30. h3 Nd3 31. Bc4 Nc5 32. Nc3 a5 33.
Bb5 Bf6 34. Kf3 Nb3 35. Ne4 Be7 36. Ke2 Nc5 37. Nd2 Rac8 38. Nc4 Nb3 39. Ne5+ Kg7 40. Rxd8 Rxd8 41. Bd3 Bf6 42. Nc4 Nc5 43. Bc2 Na6 44.
Nxa5 Nb4 45. Bb3 b6 46. Nc4 Rb8 47. Nd6 Be5 48. Nc4 Bf6 49. Nd2 b5 50. axb5 Rxb5 51.
Bxe6 Rb6 52. Bc4 Nc6 53. b3 Ne5 54. Rc1 Be7 55. Rc2 Bb4 56. Nf3 Nxf3 57. Kxf3 Kf6 58. Ra2 Rd6 59. Ra6 Rxa6 60. Bxa6 Ke5 61. Bc4 Be1 62. Ke2 Bb4 63. h4 Ba5 64. h5 Bb4 65. Kf3 Ba5 66. Kg3 Be1 67. Bd3 Kd5 68. Kg2 Ke5 69. Kf1 Bb4 70. Ke2 Ba5 71. Bf5 Bb4 72. Bd7 Kd5 73. Kd3 Be1 74. f4 Bb4 75. fxg5 hxg5 76. h6 Bf8 77. h7 Bg7 78. b4 Be5 79.
b5 Kc5 80. Ke4 Bg7 81. Kf5 Kd6 82. Bc6 Kc5 83. Kxg5 Kb6 1-0

[Event "*** Titled Tuesday Blitz"]
[Site "Chess.com"]
[Date "2021.04.20"]
[Round "10"]
[White "ChessQueen"]
[Black "KonstantinB_1983"]
[Result "1-0"]
[WhiteElo "2696"]
[BlackElo "2509"]
[TimeControl "180+1"]
[EndTime "11:57:15 PDT"]
[Termination "ChessQueen won on time"]

1. e4 c6 2. c4 d5 3. cxd5 cxd5 4. exd5 Nf6 5. Nc3 g6 6. Bc4 Bg7 7. Nf3 Nbd7 8. d3 Nb6 9. Qb3 O-O 10. O-O Bf5 11.
Re1 Rc8 12. Be3 Nfd7 13. Bg5 Bf6 14. Bxf6 Nxf6 15. h3 h5 16. Re3 Nfd7 17. Rae1 Nc5 18. Qa3 Re8 19. Nd4 Bd7 20. b4 Nca4 21. Nxa4 Bxa4 22. d6 Qxd6 23. Nb5 Bxb5 24. Bxb5 Rf8 25. Rxe7 a6 26. Bc4 Rc7 27. Rxc7 Qxc7 28. Qb3 Rc8 29.
Re4 Qd7 30. Rf4 Rf8 31. Rf6 Nxc4 32. Qxc4 Kg7 33. Qc3 Kh7 34. Rf4 Rd8 35. h4 Kg8 36. d4 Qe7 37. g3 Qd7 38. Kg2 Qe7 39. Qb3 Qd7 40. Qf3 Kg7 41. a3 Re8 42. Re4 Rd8 43.
Qf4 Qc6 44. Kh2 Rd7 45. Qe5+ Kh7 46. Rf4 Qc8 47. d5 Qd8 48. d6 Qf8 49. Rd4 Kg8 50. Qf6 Qd8 51. Qxd8+ Rxd8 52. Kg2 Kg7 53. Kf3 Kf6 54.
d7 Ke6 55. Kf4 Rxd7 56. Rxd7 Kxd7 57. Ke5 Ke7 58. f3 f6+ 59. Kd5 Kd7 60. g4 Ke7 61.
gxh5 gxh5 62. a4 Kd7 63. a5 Ke7 64. Kc5 Kd7 65. Kb6 Kc8 66. f4 Kb8 67. b5 axb5 68. Kxb5 Kc7 69. Kc5 Kd7 70. Kb6 Kc8 71. f5 Kb8 72. Kb5 Kc7 73. Kc5 Kd7 74. Kd5 Ke7 75.
Kc4 Kd6 76. Kb5 Kc7 77. Kc5 Kd7 78. Kb6 Kc8 79. Ka7 Kc7 80. Ka8 Kc6 81. Kb8 Kb5 82.
Kxb7 Kxa5 83. Kc6 Ka6 84. Kd6 Kb6 85. Ke6 Kc6 86. Kxf6 1-0

[Event "*** Titled Tuesday Blitz"]
[Site "Chess.com"]
[Date "2021.04.20"]
[Round "10"]
[White "Jenia84"]
[Black "iulik86"]
[Result "0-1"]
[WhiteElo "2419"]
[BlackElo "2582"]
[TimeControl "180+1"]
[EndTime "11:57:15 PDT"]
[Termination "iulik86 won by resignation"]

1. e4 c5 2. Nf3 d6 3. Bb5+ Nd7 4. Ba4 Nf6 5. O-O g6 6. c4 Bg7 7. Nc3 O-O 8. d4 cxd4 9. Nxd4 Qc7 10. Qe2 Ne5 11.
Bb3 Nc6 12. Nxc6 bxc6 13. h3 a5 14. Be3 Ba6 15. Rfd1 Rab8 16. Rac1 Nd7 17. Qd2 Nc5 18. Bxc5 dxc5 19. Na4 Bd4 20. Qg5 Rfd8 21. Nxc5 Bc8 22. Na4 c5 23. Rd2 Bd7 24. Rcd1 Bc6 25. Nxc5 h6 26. Na6 Qa7 27. Qxh6 Rbc8 28. c5 e6 29. Rxd4 Rxd4 30. Rxd4 Qxa6 31. Qg5 Be8 32. Rd8 Kg7 33. Rxc8 Qxc8 34. Qe5+ Kg8 35. Qd6 a4 36. Bc4 Bc6 37. f3 Qb7 38. b3 a3 39. Qd8+ Kg7 40. Qd4+ Kg8 41. h4 Be8 42. g4 Qb4 43. Qe3 Bb5 44.
Bxb5 Qxb5 45. Kf2 Qb4 46. h5 Kg7 47. hxg6 Kxg6 48. Kg3 Qb8+ 49. Qf4 Qb4 50. Qe3 Qb8+ 51. e5 Qb5 52. Qe4+ Kg7 53. b4 Qf1 54. Qd4 Qe1+ 55. Kf4 Qc1+ 56. Qe3 Qb2 57. c6 Qxb4+ 58. Qe4 Qc3 59. Kg3 Qc1 60. c7 Qxc7 61. Qe3 Qa5 62. Qg5+ Kf8 63. Qh6+ Ke7 64. Qf6+ Ke8 65. Qh8+ Ke7 66.
Qf6+ Ke8 67. g5 Qe1+ 68. Kg4 Qg1+ 69. Kf4 Qh2+ 70. Ke4 Qxa2 71. Qh8+ Kd7 72. Qf6 Qd5+ 73. Kf4 Ke8 74. g6 fxg6 75. Qxg6+ Kd7 76. Qf7+ Kc6 77. Qe7 Qc4+ 78. Kg5 a2 79. Qe8+ Kd5 80. Qa8+ Kxe5 81. Qa5+ Qd5 82. f4+ Ke4+ 83. Qxd5+ Kxd5 84. f5 exf5 0-1

[Event "*** Titled Tuesday Blitz"]
[Site "Chess.com"]
[Date "2021.04.20"]
[Round "10"]
[White "wonderfultime"]
[Black "chessdjw"]
[Result "1/2-1/2"]
[WhiteElo "2950"]
[BlackElo "2751"]
[TimeControl "180+1"]
[EndTime "11:57:24 PDT"]
[Termination "Game drawn - insufficient material"]

1. d4 Nf6 2. Nf3 g6 3. Bg5 Bg7 4. Nbd2 O-O 5. c3 d6 6. e4 h6 7.
Bh4 c5 8. dxc5 dxc5 9. Bc4 Nc6 10. Qe2 Na5 11. Bd3 b6 12. O-O Bb7 13. Rad1 Nh5 14.
Qe3 Qc7 15. Bg3 Nxg3 16. hxg3 Rad8 17. Rfe1 Rd7 18. e5 e6 19. Bb5 Bc6 20. Bxc6 Nxc6 21. Nc4 Rd5 22. Qf4 Rfd8 23. Rxd5 exd5 24. Nd6 Nxe5 25.
Nxe5 Bxe5 26. Qxf7+ Qxf7 27. Nxf7 Kxf7 28. Rxe5 d4 29.
cxd4 Rxd4 30. Re2 Rd1+ 31. Kh2 h5 32. f4 Kf6 33. g4 hxg4 34. Kg3 g5 35. Kxg4 gxf4 36.
Kxf4 Rd4+ 37. Kf3 a5 38. Rc2 a4 39. a3 Kf5 40. Ke3 Ke5 41. g3 Kd5 42. Kf3 Ke5 43.
Re2+ Kf5 44. Rc2 Rd3+ 45. Kf2 Rb3 46. Rd2 Kg4 47. Rc2 Rf3+ 48. Ke2 Kxg3 49. Rc4 Rf2+ 50. Kd3 Rxb2 51. Rxa4 Kf3 52. Ra8 Kf4 53. Kc4 Ke5 54. Rd8 Ke6 55. Rd1 Ke7 56. Rd3 Rb1 57. Rd2 Ke6 58. Rd3 Ke5 59. Rd8 Ke6 60. Rd3 Ke5 61.
Rd2 Ke4 62. Re2+ Kf5 63. Re8 Kf6 64. Re2 Kf5 65. Re8 Kf6 66. Kd5 Ra1 67. Re3 Kf5 68. Rb3 Kf4 69. Kc6 Ke4 70. Kb5 Kd4 71. a4 c4 72. Rb4 Rc1 73. Kxb6 Kd3 74. a5 Ra1 75. a6 c3 76. Rb3 Kd2 77. Rb5 c2 78. Rd5+ Ke3 79.
Rc5 c1=Q 80. Rxc1 Rxc1 81. a7 Rb1+ 82. Kc6 Ra1 83. Kb7 Rb1+ 84. Kc7 Ra1 85. Kb7 Rxa7+ 86. Kxa7 1/2-1/2

[Event "*** Titled Tuesday Blitz"]
[Site "Chess.com"]
[Date "2021.04.20"]
[Round "10"]
[White "GMSrinath"]
[Black "Iball95"]
[Result "1/2-1/2"]
[WhiteElo "2827"]
[BlackElo "2613"]
[TimeControl "180+1"]
[EndTime "11:57:27 PDT"]
[Termination "Game drawn - insufficient material"]

1. Nf3 g6 2. g3 Bg7 3. Bg2 Nf6 4. O-O O-O 5. c4 c5 6. d4 cxd4 7. Nxd4 Nc6 8. Nc3 Qa5 9. h3 d6 10. Nb3 Qh5 11. e4 Be6 12. Nd5 Qxd1 13. Rxd1 Bxd5 14.
cxd5 Ne5 15. Be3 Nc4 16. Bd4 Nd7 17. Bf1 Rfc8 18. Rab1 a5 19. a4 Ndb6 20. Bxg7 Kxg7 21. Nd4 Ne5 22. f4 Ned7 23. Bb5 Nc5 24. Re1 Ncxa4 25. Bf1 Nc5 26. b4 axb4 27. Rxb4 Nbd7 28. e5 Ra2 29. h4 Rca8 30. exd6 exd6 31. Nb5 Nf6 32. Rd4 Rb2 33. Nxd6 Ra3 34. Re2 Rxg3+ 35. Kf2 Rgb3 36. Rxb2 Rxb2+ 37. Kf3 Rb3+ 38. Kf2 Kf8 39. Be2 h5 40. Nc4 Nfe4+ 41.
Kg2 Rg3+ 42. Kf1 Rc3 43. d6 Nf6 44. Ne5 Ne6 45. Rd1 Rc8 46. d7 Rd8 47. Bb5 Ke7 48. Re1 Nd4 49. Nc6+ Kxd7 50. Nxd4+ Kc7 51. Nf3 Nd5 52. Bc4 f6 53. Bxd5 Rxd5 54. Re6 Rf5 55. Re4 Kd6 56. Ke2 Ra5 57. Ke3 Ra3+ 58. Kf2 Kd5 59.
Rd4+ Ke6 60. Rb4 Ra7 61. Nd4+ Kd5 62. Ne2 Ke6 63. Rb5 Kf7 64. f5 gxf5 65. Nf4 Ra4 66.
Rxf5 Ke7 67. Kg3 Ra3+ 68. Kg2 Ra2+ 69. Kf3 Ra3+ 70. Ke4 Ra4+ 71. Ke3 Ra3+ 72. Nd3 Ra4 73. Rxh5 Kf7 74. Nf4 Ra3+ 75. Kd2 Ra4 76. Rf5 Kg7 77.
h5 b5 78. Kc3 Rc4+ 79. Kb3 Re4 80. Nd5 Re5 81. Rxe5 fxe5 82. Kc3 Kh6 83. Nf6 Kg5 84.
Nd7 Kxh5 85. Nxe5 b4+ 86. Kxb4 1/2-1/2

[Event "*** Titled Tuesday Blitz"]
[Site "Chess.com"]
[Date "2021.04.20"]
[Round "10"]
[White "Sergey85Rodchenkov"]
[Black "eCztery"]
[Result "1/2-1/2"]
[WhiteElo "2503"]
[BlackElo "2412"]
[TimeControl "180+1"]
[EndTime "11:57:33 PDT"]
[Termination "Game drawn - insufficient material"]

1. e4 c5 2. Nf3 g6 3. d4 cxd4 4. Nxd4 Nf6 5. Nc3 Nc6 6. Nxc6 dxc6 7. Qxd8+ Kxd8 8. e5 Ng4 9. f4 h5 10. h3 Nh6 11.
Be3 Nf5 12. Bf2 h4 13. Ne4 Bh6 14. Ng5 Ke8 15. Bc4 Bxg5 16. fxg5 Rh5 17. O-O Rxg5 18. Rae1 Be6 19. Bxe6 fxe6 20. Re4 Rd8 21. Bxh4 Nxh4 22. Rxh4 Rd2 23. Rf2 Rxf2 24. Kxf2 Rxe5 25. Rh8+ Kd7 26. Rb8 Rb5 27. b3 g5 28. Ke3 Re5+ 29. Kf3 Kc7 30.
Rg8 b5 31. g3 Rc5 32. a4 bxa4 33. bxa4 Rc3+ 34. Kg4 Rxc2 35. Kxg5 c5 36. Kf4 c4 37. Ke3 c3 38. Kd3 Rh2 39. Kxc3 Rxh3 40. Kc4 a6 41.
a5 Kc6 42. Rg6 Kd6 43. Rg8 Rh1 44. Ra8 Rc1+ 45. Kd4 e5+ 46. Ke4 Rc4+ 47. Ke3 Rc6 48. g4 Kc5 49. Rb8 Rg6 50. Kf3 Kd4 51. Rb4+ Kd3 52.
Rb3+ Kc4 53. Rb6 Rf6+ 54. Ke4 Kc5 55. Rb7 Rf4+ 56. Kxe5 Rxg4 57. Rb6 Rg5+ 58. Ke4 Rg4+ 59. Kd3 Ra4 60. Rxa6 e6 61. Ra8 e5 62. Kc3 Ra3+ 63. Kb2 Ra4 64. Kb3 Rb4+ 65. Ka3 Rb7 66. Ka4 Rb4+ 67.
Ka3 Rb7 68. a6 Rh7 69. Ka4 Kb6 70. Re8 Rh4+ 71. Kb3 e4 72. Re6+ Ka7 73. Kc3 Rh3+ 74. Kd2 Ra3 75. Ke2 Rxa6 76. Re7+ Kb6 77. Ke3 Ra4 78.
Rxe4 Rxe4+ 79. Kxe4 1/2-1/2

[Event "*** Titled Tuesday Blitz"]
[Site "Chess.com"]
[Date "2021.04.20"]
[Round "10"]
[White "Bad_left_hook"]
[Black "beautroll"]
[Result "1/2-1/2"]
[WhiteElo "2618"]
[BlackElo "2474"]
[TimeControl "180+1"]
[EndTime "11:57:37 PDT"]
[Termination "Game drawn - insufficient material"]

1. e4 c5 2. Nf3 d6 3. d4 cxd4 4. Nxd4 Nf6 5. Nc3 a6 6. Be2 e6 7. O-O Qc7 8. f4 Be7 9. Be3 Nc6 10. Kh1 O-O 11. g4 Nxd4 12. Bxd4 e5 13. Be3 exf4 14. Bxf4 Be6 15. g5 Nd7 16. Nd5 Bxd5 17. Qxd5 Rad8 18.
c3 Ne5 19. Bh5 g6 20. Be2 Kg7 21. Rf2 f6 22. gxf6+ Bxf6 23. Raf1 Bh4 24. Rg2 Rf6 25. Qd2 Kh8 26. Rfg1 Rdf8 27. Bh6 Re8 28. Be3 Ref8 29. Qd5 Qc6 30. Rd1 Qxd5 31. Rxd5 Nc6 32. h3 Re6 33. Bd3 Ne5 34. Bd4 Rf3 35. Rxd6 Rxd6 36. Bxe5+ Rdf6 37. Bxf6+ Bxf6 38. Rd2 Rxh3+ 39. Kg2 Re3 40. Bc2 Kg7 41.
Kf2 Rh3 42. Rd7+ Kh6 43. Bb3 Rh2+ 44. Kg1 Rxb2 45. Bg8 Bxc3 46. Rxh7+ Kg5 47. Rc7 Bd4+ 48. Kf1 b5 49. Rc6 Rf2+ 50. Ke1 Rxa2 51. Bf7 Ra1+ 52. Ke2 Kf4 53. Bxg6 Ra2+ 54. Kd3 Be5 55. Rc8 Ra3+ 56. Kc2 Ke3 57. Rc5 Bd4 58. Rc6 a5 59. e5 Bxe5 60. Rc5 Ra2+ 61. Kb1 Rb2+ 62. Kc1 Bd4 63. Rh5 Ra2 64.
Rh3+ Kf4 65. Rh4+ Ke5 66. Re4+ Kd5 67. Rh4 Kc5 68. Bf7 Rf2 69. Rh5+ Kb4 70. Be8 Rf1+ 71.
Kc2 Rf2+ 72. Kd3 Bc5 73. Rh4+ Kb3 74. Bxb5 Rf3+ 75. Ke2 Rf2+ 76. Ke1 Rb2 77. Ba4+ Ka3 78. Be8 Rb1+ 79. Kd2 Bb4+ 80. Kc2 Rb2+ 81. Kc1 Rf2 82.
Rh3+ Ka2 83. Rd3 Rf1+ 84. Rd1 Rxd1+ 85. Kxd1 Kb2 86. Bd7 a4 87. Bxa4 1/2-1/2

[Event "*** Titled Tuesday Blitz"]
[Site "Chess.com"]
[Date "2021.04.20"]
[Round "10"]
[White "chessajedrezz2020"]
[Black "AwareIdea"]
[Result "0-1"]
[WhiteElo "2695"]
[BlackElo "2500"]
[TimeControl "180+1"]
[EndTime "11:58:21 PDT"]
[Termination "AwareIdea won by resignation"]

1. Nf3 d5 2. d4 Nf6 3. c4 e6 4.
Nc3 Bb4 5. e3 O-O 6. Bd3 b6 7.
O-O Ba6 8. Qe2 c5 9. Rd1 Bxc3 10.
bxc3 cxd4 11. cxd4 Nbd7 12. Ba3 Re8 13. Rac1 Rc8 14.
Rc2 dxc4 15. Bxc4 Rxc4 16. Rxc4 Qa8 17. Rdc1 h6 18. Qc2 Bxc4 19. Qxc4 Nd5 20. Qa6 N7f6 21. Ne5 Ne4 22. Bb2 f6 23. Nd3 Nd6 24. Ba3 Ne4 25. Bb2 Kh7 26. h3 Nd6 27. Qa4 Rc8 28. Rc2 Rxc2 29.
Qxc2 Qc8 30. Qb3 Qc4 31. Ba3 Qxb3 32. axb3 Nb5 33. Bb2 a5 34. Kf1 Kg8 35. Ke1 Kf7 36. Kd2 g5 37. e4 Ndc7 38. Ke3 Ke7 39. g4 Kd7 40. Ne1 Kd6 41. Nd3 Na6 42. Bc1 Nac7 43. Bd2 Kd7 44. f3 Ne8 45. Be1 Nbc7 46. Bg3 Na6 47.
Be1 Nec7 48. h4 Nb5 49. h5 Nd6 50. Bd2 Nb7 51. Bc1 b5 52. Ba3 b4 53. Bc1 Nc7 54.
Bb2 Kd6 55. Nc1 Nb5 56. Ne2 Nd8 57. Kd3 Nc6 58. Bc1 Nc7 59. Be3 Na7 60. Bf2 Nab5 61. Bg3+ Kc6 62. Kc4 Nd6+ 63. Kd3 Ndb5 64. Bf2 Nd6 65.
Be3 e5 66. dxe5 fxe5 67. Bc1 Kb5 68. Ng3 Na6 69. Bb2 Nc5+ 70. Kc2 Nf7 71. Nf5 a4 72. bxa4+ Kxa4 73. Ne3 Kb5 74. Nd5 Kc4 75. Nb6+ Kb5 76. Nd5 Ka4 77. Ne3 Kb5 78. Nf5 Na4 79. Ne3 Nxb2 80. Kxb2 Kc5 81. Nf5 Kc4 82. Kc2 b3+ 83.
Kd2 Kb4 84. Ne3 Kc5 85. Kc3 b2 86. Kxb2 Kd4 87. Nf5+ Kd3 88. Kb3 Ke2 89. Kc4 Kxf3 90. Kd5 Kxg4 91. Ng7 Kf4 92. Ke6 Nh8 93. Kf6 g4 94.
Ne6+ Kf3 95. Kxe5 g3 96. Nf4 Nf7+ 97. Kf5 Nd6+ 98. Ke5 Nxe4 99. Nh3 Ng5 100. Nxg5+ hxg5 101. h6 g2 102. h7 g1=Q 103. h8=Q Qa1+ 104. Kf5 Qxh8 105. Kxg5 Qg8+ 0-1

[Event "*** Titled Tuesday Blitz"]
[Site "Chess.com"]
[Date "2021.04.20"]
[Round "11"]
[White "tusplingher"]
[Black "Trickster_Pony"]
[Result "1-0"]
[WhiteElo "2276"]
[BlackElo "1621"]
[TimeControl "180+1"]
[EndTime "11:59:57 PDT"]
[Termination "tusplingher won by resignation"]

1. e4 c5 2. d4 cxd4 3. c3 dxc3 4. Nxc3 Nc6 5. Nf3 d6 6. Bc4 a6 7. O-O Nf6 8. b4 Nxb4 9. e5 dxe5 10. Bxf7+ Kxf7 11.
Qxd8 1-0

[Event "*** Titled Tuesday Blitz"]
[Site "Chess.com"]
[Date "2021.04.20"]
[Round "11"]
[White "Deepweb2020"]
[Black "Ze-Pequeno"]
[Result "1-0"]
[WhiteElo "2483"]
[BlackElo "2264"]
[TimeControl "180+1"]
[EndTime "12:00:24 PDT"]
[Termination "Deepweb2020 won by resignation"]

1. d4 Nf6 2. c4 Nc6 3. Nf3 e6 4. g3 d5 5. Bg2 dxc4 6. Qa4 Bb4+ 7. Bd2 Nd5 8. Bxb4 Nxb4 9. Na3 a6 10. Ne5 O-O 11.
Nxc6 bxc6 1-0

[Event "*** Titled Tuesday Blitz"]
[Site "Chess.com"]
[Date "2021.04.20"]
[Round "11"]
[White "ural58"]
[Black "eldur16"]
[Result "0-1"]
[WhiteElo "2475"]
[BlackElo "2616"]
[TimeControl "180+1"]
[EndTime "12:01:52 PDT"]
[Termination "eldur16 won by resignation"]

1. e4 Nf6 2. e5 Nd5 3. Nc3 Nxc3 4. dxc3 d5 5. Bd3 c5 6. Bf4 Nc6 7. h4 e6 8. h5 h6 9. Qg4 Bd7 10. O-O-O Qa5 11. Kb1 b5 12. Nf3 c4 13. Be2 b4 14.
Bd2 Rb8 15. Rh3 bxc3 16. Bc1 cxb2 17. Bd2 c3 18. Nd4 Nb4 0-1

[Event "*** Titled Tuesday Blitz"]
[Site "Chess.com"]
[Date "2021.04.20"]
[Round "11"]
[White "chessmadara"]
[Black "Serly25"]
[Result "0-1"]
[WhiteElo "2150"]
[BlackElo "1967"]
[TimeControl "180+1"]
[EndTime "12:01:57 PDT"]
[Termination "Serly25 won by resignation"]

1. e4 e6 2. d4 d5 3. Nc3 Nf6 4. Bg5 Be7 5. e5 Nfd7 6. Bxe7 Qxe7 7. f4 Nc6 8. Nf3 b6 9. Be2 Bb7 10. O-O O-O-O 11. a4 a5 12. Nb5 Kb8 13. c3 f6 14.
b4 fxe5 15. fxe5 Rdf8 16. Qd2 h6 17. Rfb1 g5 18. bxa5 Nxa5 19. c4 dxc4 20. Nc3 g4 21. Ne1 Qh4 22. Nc2 0-1